Map: Selva profunda EE

Players

MrFercho

  • Race: Zerg Zerg
  • League: Gold
  • Spawn Location: 7:00

TATORREA

  • Race: Protoss Protoss
  • League: Gold
  • Spawn Location: 7:00

tigro

  • Race: Terran Terran
  • League: Bronze
  • Spawn Location: 7:00

TexanKomodo - Winner!

  • Race: Terran Terran
  • Spawn Location: 1:00

FatSquanchy - Winner!

  • Race: Protoss Protoss
  • Spawn Location: 3:00

Polonius - Winner!

  • Race: Protoss Protoss
  • Spawn Location: 1:00

VOD

Have the link to the VOD?

Description

Time

  • Played on: Aug. 15, 2020, 10:50 p.m.
  • Length: 20:11
Show
View Real Time Build Order
Export as new Build Order

MrFercho Zerg 

Build Orders: Pool First 

Get SALT Encoding   

  12  0:20  Spawning Pool  
  11  0:22  Drone  
  11  0:27  Drone  
  13  0:31  Drone  
  14  0:40  Overlord  
  14  0:59  Drone x2  
  16  1:08  Drone  
  17  1:12  Extractor  
  17  1:15  Queen  
  17  1:17  Drone  
  19  1:27  Zergling x2  
  20  1:38  Hatchery  
  19  1:45  Zergling x2  
  20  1:48  Overlord  
  20  1:59  Zergling x2  
  21  2:08  Queen  
  21  2:10  Zergling x2  
  24  2:21  Drone  
  25  2:24  Zergling x2  
  25  2:25  Metabolic Boost  
  25  2:27  Zergling x4  
  28  2:45  Zergling x2  
  28  2:46  Zergling x2  
  30  2:58  Overlord  
  30  3:00  Zergling x2  
  31  3:24  Zergling x2  
  31  3:25  Zergling x12  
  38  3:29  Overlord  
  38  3:40  Zergling x4  
  40  3:58  Zergling x6  
  39  4:03  Drone x2  
  39  4:07  Evolution Chamber  
  37  4:20  Zergling x2  
  37  4:21  Zergling x10  
  39  4:38  Zergling x10  
  44  4:42  Overlord  
  44  4:45  Zerg Melee Weapons Level 1  
  41  5:00  Zergling x6  
  37  5:16  Zergling x16  
  42  5:23  Zergling x2  
  40  5:29  Zergling x2  
  40  5:33  Zergling x2  
  38  5:39  Zergling x2  
  31  6:04  Zergling x6  
  31  6:05  Zergling x6  
  31  6:19  Zergling x14  
  38  6:25  Lair  
  6  7:52  Drone x2  
  6  7:53  Drone x6  
  6  7:54  Drone  
  10  8:12  Spore Crawler  
  8  8:16  Spore Crawler  
  8  8:19  Hydralisk Den, Drone x3  
  9  8:20  Drone x3  
  9  8:21  Drone x4  
  16  8:32  Overlord  
  16  8:51  Muscular Augments  
  16  8:54  Drone  
  17  8:58  Drone  
  18  9:08  Overseer  
  18  9:13  Pneumatized Carapace  
  18  9:47  Hatchery  
  17  10:02  Grooved Spines, Hydralisk x3  
  17  10:03  Hydralisk  
  25  10:15  Extractor  
  25  10:19  Queen  
  22  10:45  Overlord  
  22  10:46  Overlord  
  22  10:54  Hydralisk  
  24  11:00  Drone  
  25  11:07  Drone x2  
  27  11:17  Drone  
  27  11:18  Drone  
  29  11:24  Drone  
  30  11:34  Drone x2  
  32  11:40  Drone  
  32  11:42  Drone  
  34  11:50  Drone x2  
  34  11:54  Drone  
  37  12:07  Hydralisk x2  
  41  12:26  Drone x3  
  41  12:27  Drone x4  
  48  12:32  Extractor  
  48  12:33  Extractor  
  46  12:39  Zerg Missile Weapons Level 1  
  46  13:00  Drone x3  
  46  13:01  Drone x3  
  52  13:12  Spore Crawler  
  51  13:15  Hydralisk  
  51  13:16  Hydralisk  
  55  13:28  Hatchery  
  54  13:37  Hydralisk x5  
  54  14:05  Hydralisk x6  
  66  14:38  Drone  
  66  14:39  Drone x7  
  74  15:11  Zergling x8  
  74  15:12  Zergling x4  
  74  15:13  Overlord x4  
  58  15:24  Zergling x10  
  63  15:43  Spore Crawler  
  63  15:44  Spore Crawler  
  63  15:48  Spore Crawler  
  63  15:49  Spore Crawler  
  59  15:53  Spore Crawler  
  59  15:54  Spore Crawler  
  56  15:57  Spore Crawler  
  56  16:00  Hydralisk x4  
  56  16:01  Hydralisk x8, Spore Crawler  
  73  16:13  Queen  
  60  16:39  Overseer  
  54  16:50  Zergling x30, Hatchery  
  66  17:01  Extractor  
  66  17:02  Extractor  
  61  17:22  Hydralisk x6  
  73  17:35  Overlord x3  
  73  17:36  Overlord, Queen  
  73  17:40  Spore Crawler  
  73  17:43  Spore Crawler  
  65  17:50  Hydralisk x4  
  73  18:04  Hydralisk x4  
  73  18:05  Hydralisk x2  
  80  18:17  Spore Crawler x2  
  50  18:43  Hydralisk x9  
  59  18:52  Queen  
  61  19:08  Zergling x2  
  61  19:09  Zergling x10  
  50  19:24  Zergling x6  
  51  19:32  Hydralisk x3  
Show
View Real Time Build Order
Export as new Build Order

TATORREA Protoss 

Build Orders:  

Get SALT Encoding   

  12  0:02  Probe  
  13  0:15  Probe  
  14  0:25  Pylon  
  14  0:27  Probe  
  15  0:43  Probe  
  16  0:51  Gateway  
  16  0:56  Probe  
  17  1:03  Assimilator  
  17  1:06  Pylon  
  17  1:08  Probe  
  18  1:14  Assimilator  
  18  1:20  Probe  
  18  1:23  Pylon  
  19  1:30  Pylon  
  19  1:32  Probe (Chrono Boost)  
  20  1:43  Probe (Chrono Boost)  
  21  1:47  Cybernetics Core  
  21  1:48  Probe (Chrono Boost)  
  22  1:58  Probe  
  22  1:59  Gateway  
  23  2:10  Probe  
  24  2:26  Robotics Facility  
  24  2:28  Robotics Facility  
  24  2:30  Probe  
  25  2:50  Robotics Facility  
  25  2:51  Robotics Facility  
  25  2:54  Gateway  
  25  2:56  Gateway  
  25  2:59  Gateway  
  25  3:08  Warp Gate  
  25  3:21  Nexus  
  25  3:28  Pylon  
  29  3:54  Immortal (Chrono Boost)  
  29  3:58  Immortal (Chrono Boost)  
  33  4:24  Immortal (Chrono Boost)  
  37  4:33  Immortal (Chrono Boost)  
  41  4:44  Probe x2  
  43  4:56  Pylon  
  43  4:57  Probe  
  43  4:59  Pylon  
  44  5:01  Probe  
  45  5:13  Stalker  
  47  5:16  Stalker  
  49  5:22  Stalker  
  51  5:29  Stalker  
  51  5:33  Probe x2  
  55  5:45  Probe x2  
  55  5:49  Stalker x2  
  61  5:53  Stalker  
  63  5:59  Stalker  
  53  6:29  Stalker  
  53  6:30  Stalker x3  
  41  6:58  Stalker x4  
  41  7:00  Probe x2  
  51  7:08  Assimilator  
  51  7:11  Assimilator  
  51  7:12  Probe x2  
  53  7:23  Stalker x2  
  53  7:24  Stalker, Probe x2  
  53  7:28  Stalker  
  63  7:36  Probe x2  
  65  7:48  Probe x2  
  67  7:57  Stalker x3  
  67  7:58  Stalker  
  75  8:02  Gateway  
  53  8:24  Probe x2  
  55  8:33  Stalker  
  56  8:36  Probe x2  
  50  8:48  Probe x2  
  50  9:00  Probe x2  
  50  9:12  Probe x2  
  50  9:14  Pylon  
  46  9:24  Probe x2  
  44  9:36  Probe x2  
  44  9:41  Stalker x2  
  44  9:53  Probe x2  
  46  10:05  Probe x2  
  48  10:08  Immortal  
  48  10:09  Immortal  
  56  10:17  Probe x2  
  58  10:22  Forge  
  58  10:23  Forge  
  58  10:25  Forge  
  58  10:29  Protoss Air Weapons Level 1, Probe x2  
  60  10:41  Twilight Council  
  60  10:45  Pylon  
  60  10:48  Pylon, Probe x2  
  62  11:03  Immortal  
  70  11:11  Immortal  
  70  11:39  Nexus  
  70  11:41  Pylon  
  70  11:44  Pylon  
  70  11:57  Immortal x2 (Chrono Boost)  
  78  12:08  Stalker  
  78  12:10  Stalker  
  82  12:29  Stalker  
  84  12:30  Stalker  
  84  12:31  Protoss Ground Armor Level 1 (Chrono Boost), Protoss Ground Weapons Level 1 (Chrono Boost), Protoss Shields Level 1 (Chrono Boost)  
  86  12:59  Templar Archives  
  86  13:02  Stalker  
  86  13:03  Stalker  
  86  13:04  Stalker  
  92  13:09  Probe x2  
  92  13:10  Probe  
  95  13:21  Probe x2  
  95  13:22  Probe  
  98  13:33  Probe  
  98  13:34  Probe x2  
  101  13:42  Immortal x2  
  109  13:51  Probe x3  
  112  14:03  Probe x2  
  112  14:04  Probe  
  28  15:30  Probe x3  
  31  15:42  Probe x3  
  30  15:54  Probe x3  
  29  16:06  Probe x3  
  32  16:18  Probe x3  
Show
View Real Time Build Order
Export as new Build Order

tigro Terran 

Build Orders:  

Get SALT Encoding   

  12  0:13  SCV  
  13  0:22  Supply Depot  
  13  0:26  SCV  
  14  0:38  SCV  
  15  0:45  Supply Depot  
  15  0:49  Barracks  
  15  0:52  SCV  
  16  1:02  Refinery  
  16  1:04  SCV  
  17  1:16  SCV  
  18  1:27  Refinery  
  18  1:28  SCV  
  19  1:40  Marine, SCV  
  21  1:52  SCV  
  22  1:57  Marine  
  23  2:04  SCV  
  24  2:10  Factory  
  24  2:15  Marine  
  24  2:16  SCV  
  26  2:29  Orbital Command  
  26  2:33  Marine  
  27  2:41  Engineering Bay  
  27  2:51  Marine  
  27  2:53  Factory Tech Lab  
  28  3:11  Barracks Tech Lab  
  28  3:44  Starport  
  28  3:49  Combat Shield  
  28  3:52  Barracks  
  28  4:36  Command Center  
  28  4:42  Barracks Reactor  
  28  4:44  Marine  
  29  4:47  Medivac  
  31  5:02  Marine, Refinery  
  32  5:08  Stimpack  
  32  5:20  Marine  
  32  5:28  Marine x2  
  30  5:38  Marine  
  30  5:39  Terran Infantry Weapons Level 1  
  31  5:45  Refinery  
  31  5:46  Marine x2  
  31  5:48  SCV  
  34  5:55  Marine  
  35  6:00  SCV  
  35  6:03  Marine  
  35  6:04  Marine  
  38  6:12  SCV  
  38  6:13  Marine  
  37  6:21  Marine x2  
  37  6:24  SCV  
  40  6:31  Marine  
  41  6:36  SCV  
  41  6:39  Marine x2  
  44  6:41  Medivac  
  45  6:49  Marine  
  43  6:57  Marine x2  
  45  7:07  Marine  
  46  7:11  Medivac  
  46  7:15  Marine x2  
  50  7:18  Armory  
  48  7:24  Marine  
  49  7:34  Terran Infantry Armor Level 1  
  41  8:13  Starport Tech Lab  
  41  8:18  Missile Turret  
  41  8:19  Marine x3  
  35  8:37  Marine x3  
  38  8:42  Thor  
  42  8:55  Marine x3  
  45  9:00  SCV  
  46  9:12  Marine, SCV  
  46  9:13  Marine x2  
  50  9:18  Missile Turret  
  50  9:24  SCV  
  50  9:25  Thor  
  50  9:28  Medivac, Neosteel Armor  
  50  9:30  Marine  
  50  9:31  Marine x2  
  62  9:42  Starport, Missile Turret  
  62  9:51  Supply Depot  
  62  10:12  Thor, Marine  
  62  10:13  SCV  
  70  10:14  Missile Turret  
  70  10:23  Starport Tech Lab  
  70  10:31  Marine  
  70  10:32  SCV  
  70  10:33  Marine x2  
  70  10:34  Missile Turret  
  61  10:48  Marine  
  58  10:51  Marine x2  
  56  11:08  Hi-Sec Auto Tracking, SCV  
  57  11:17  Missile Turret  
  57  11:20  SCV  
  57  11:25  Terran Vehicle Weapons Level 1  
  58  11:32  SCV  
  59  11:37  Missile Turret  
  59  12:00  Supply Depot, Missile Turret  
  59  12:01  SCV  
  59  12:04  Terran Infantry Weapons Level 2  
  60  12:13  SCV  
  61  12:21  Missile Turret  
  61  12:22  Supply Depot  
  61  12:25  SCV  
  62  12:37  SCV  
  63  13:02  Missile Turret  
  63  13:19  Terran Vehicle And Ship Armor Level 1  
  63  13:23  Missile Turret  
  63  13:44  Marine x3  
  66  13:50  Command Center  
  66  13:58  Missile Turret  
  66  14:02  Marine x3  
  69  14:19  Marine  
  69  14:20  Marine x2, Terran Infantry Armor Level 2  
  69  14:21  Missile Turret  
  69  14:24  Fusion Core  
  72  14:37  Marine  
  73  14:40  Missile Turret  
  73  15:02  Missile Turret  
  71  15:13  Marine  
  68  15:14  Marine  
  68  15:16  Marine  
  51  15:34  Marine  
  35  15:52  Marine  
  17  16:10  Marine  
  18  16:14  Missile Turret  
  18  16:16  Missile Turret  
  12  16:30  SCV  
  4  16:42  SCV  
  4  16:48  Barracks Reactor  
  5  16:54  SCV  
  5  16:58  Battlecruiser x2  
  5  17:00  Weapon Refit  
  17  17:06  SCV  
  18  17:18  SCV  
  19  17:33  Missile Turret  
  19  17:48  Marine x2  
  21  17:54  Missile Turret  
  21  18:02  Battlecruiser x2  
  32  18:05  Marine  
  32  18:06  Marine  
  19  18:23  Marine x2  
  16  18:40  Rapid Reignition System  
  16  18:47  Marine x2  
  18  19:05  Marine x2  
  32  19:23  Marine x2  
  29  19:41  Marine x2  
Show
View Real Time Build Order
Export as new Build Order

TexanKomodo Terran - Winner!

Build Orders: 1/1/1 

Get SALT Encoding   

  12  0:00  SCV  
  13  0:12  SCV  
  14  0:17  Supply Depot  
  14  0:26  Refinery  
  15  0:28  SCV  
  15  0:38  Refinery  
  15  0:49  Barracks  
  15  0:52  SCV  
  16  1:07  SCV  
  17  1:19  SCV  
  18  1:31  SCV  
  19  1:38  Factory  
  19  1:39  Marine  
  20  1:44  SCV  
  21  1:57  SCV  
  22  2:11  SCV  
  23  2:25  Starport, Orbital Command  
  23  2:57  Armory  
  23  3:03  Starport Tech Lab  
  23  3:06  Fusion Core  
  23  3:15  Command Center  
  23  3:20  Factory Tech Lab  
  23  3:22  Barracks Reactor  
  23  3:35  Supply Depot  
  23  3:36  Supply Depot  
  23  3:38  Supply Depot  
  23  3:56  SCV  
  23  3:57  Widow Mine  
  23  4:00  Marine x2  
  28  4:15  Battlecruiser  
  34  4:35  Marine x2  
  33  4:48  Hellion  
  35  5:01  Terran Ship Weapons Level 1  
  35  5:05  Barracks  
  31  5:31  Battlecruiser  
  37  5:37  Starport  
  37  5:43  Armory  
  37  5:56  Engineering Bay  
  37  6:00  Barracks Tech Lab  
  37  6:06  Starport  
  37  6:08  Orbital Command  
  37  6:15  Starport Tech Lab  
  37  6:39  SCV x2  
  39  6:48  Starport Tech Lab  
  39  6:51  SCV x2  
  41  7:00  Missile Turret  
  41  7:03  Missile Turret, SCV  
  42  7:08  Weapon Refit  
  42  7:15  SCV  
  43  7:23  Refinery  
  43  7:25  Refinery  
  43  7:27  SCV  
  44  7:40  SCV  
  45  7:52  SCV  
  46  7:59  Battlecruiser  
  46  8:04  SCV  
  53  8:16  SCV  
  54  8:28  SCV  
  55  8:34  Battlecruiser  
  55  8:40  SCV  
  62  9:03  Supply Depot  
  62  9:08  Supply Depot x2  
  62  9:11  Terran Ship Weapons Level 2  
  62  9:12  Terran Vehicle And Ship Armor Level 1  
  62  9:25  SCV  
  62  9:30  Supply Depot  
  63  9:32  Supply Depot  
  63  9:37  SCV  
  64  9:49  SCV  
  65  9:52  Command Center  
  65  9:57  Command Center  
  65  10:00  Battlecruiser  
  65  10:01  SCV  
  65  10:06  Battlecruiser  
  78  10:11  Battlecruiser  
  78  11:06  Refinery  
  78  11:09  Orbital Command  
  78  11:12  SCV  
  78  11:13  Refinery, SCV  
  80  11:20  Battlecruiser x2  
  80  11:25  Orbital Command, SCV x2  
  94  11:33  Battlecruiser  
  94  11:37  SCV  
  101  11:40  Refinery  
  101  11:49  SCV  
  101  11:52  Terran Ship Weapons Level 3  
  101  11:53  Terran Vehicle And Ship Armor Level 2  
  102  12:01  SCV  
  103  12:13  SCV  
  103  12:14  Starport  
  104  12:17  Starport  
  104  12:19  SCV  
  105  12:32  SCV  
  106  12:42  Battlecruiser x2  
  106  12:44  SCV  
  119  12:47  SCV  
  120  12:52  Command Center  
  120  12:56  SCV  
  121  12:59  Supply Depot, SCV  
  121  13:02  Supply Depot x2  
  122  13:08  SCV  
  122  13:11  SCV  
  124  13:17  SCV  
  124  13:18  SCV  
  126  13:20  SCV  
  126  13:24  Supply Depot  
  126  13:25  Supply Depot  
  126  13:34  Orbital Command  
  126  13:38  Refinery  
  122  13:49  Orbital Command  
  122  13:54  Battlecruiser x3  
  140  14:24  SCV  
  140  14:36  SCV  
  141  14:48  SCV  
  142  14:58  Battlecruiser x3  
  160  15:00  SCV  
  161  15:12  SCV  
  150  16:02  Battlecruiser x3  
  168  16:57  SCV  
  169  17:09  SCV  
  170  17:21  SCV  
  171  17:33  SCV  
  172  17:46  Battlecruiser x2  
  172  17:47  Battlecruiser  
  172  18:50  Battlecruiser  
  172  18:51  Battlecruiser x2  
  190  19:09  SCV  
  191  19:21  SCV  
Show
View Real Time Build Order
Export as new Build Order

FatSquanchy Protoss - Winner!

Build Orders: Carriers 

Get SALT Encoding   

  12  0:01  Probe  
  13  0:20  Pylon  
  13  0:32  Probe (Chrono Boost)  
  14  0:42  Probe (Chrono Boost)  
  15  0:47  Probe (Chrono Boost)  
  15  0:49  Gateway  
  16  0:57  Forge  
  16  0:58  Probe  
  17  1:07  Assimilator  
  17  1:10  Assimilator  
  17  1:14  Probe  
  18  1:45  Probe  
  19  1:53  Cybernetics Core  
  19  1:57  Probe  
  19  2:00  Pylon  
  20  2:09  Probe  
  21  2:21  Probe  
  22  2:32  Stargate  
  22  2:33  Probe  
  23  2:44  Twilight Council  
  23  2:52  Pylon  
  23  2:58  Assimilator  
  23  3:02  Nexus  
  23  3:28  Protoss Air Armor Level 1  
  23  3:29  Photon Cannon  
  23  3:45  Probe (Chrono Boost)  
  24  3:55  Probe (Chrono Boost)  
  25  4:00  Stalker, Probe (Chrono Boost)  
  28  4:06  Void Ray (Chrono Boost)  
  32  4:11  Probe  
  33  4:23  Probe  
  34  4:28  Photon Cannon  
  31  4:57  Void Ray (Chrono Boost)  
  30  5:32  Void Ray (Chrono Boost)  
  28  5:37  Protoss Air Weapons Level 1  
  27  6:05  Void Ray (Chrono Boost)  
  27  6:18  Shield Battery  
  27  6:19  Shield Battery  
  14  6:41  Dark Shrine  
  14  6:44  Probe (Chrono Boost)  
  16  6:56  Probe (Chrono Boost)  
  16  7:01  Probe (Chrono Boost)  
  17  7:10  Probe  
  18  7:23  Probe  
  19  7:35  Probe  
  20  7:42  Void Ray  
  20  7:47  Probe  
  21  7:59  Probe  
  21  8:01  Dark Templar (Chrono Boost)  
  24  8:11  Probe  
  25  8:23  Probe  
  26  8:37  Dark Templar (Chrono Boost)  
  28  8:47  Pylon  
  28  8:48  Pylon  
  28  9:08  Pylon  
  22  9:45  Void Ray  
  26  10:05  Fleet Beacon  
  26  10:18  Probe  
  27  10:27  Nexus  
  27  10:28  Void Ray  
  27  10:31  Probe  
  32  10:43  Probe  
  33  10:55  Probe  
  34  11:03  Assimilator  
  34  11:07  Probe  
  34  11:11  Assimilator  
  35  11:16  Carrier  
  41  11:19  Probe  
  42  11:41  Probe (Chrono Boost)  
  43  11:53  Probe (Chrono Boost)  
  45  12:02  Probe (Chrono Boost)  
  45  12:07  Dark Templar  
  45  12:08  Probe  
  48  12:20  Probe  
  55  12:37  Carrier  
  55  12:46  Dark Templar  
  57  13:10  Nexus  
  63  13:41  Carrier (Chrono Boost)  
  62  14:38  Carrier (Chrono Boost)  
  52  15:12  Dark Templar (Chrono Boost)  
  54  15:40  Carrier  
  60  15:45  Dark Templar  
  62  16:24  Dark Templar  
  70  17:01  Carrier (Chrono Boost)  
  66  18:03  Carrier (Chrono Boost)  
  72  18:16  Pylon  
  72  18:19  Pylon  
  72  18:20  Pylon  
  72  18:21  Pylon  
  72  18:23  Pylon  
  72  18:24  Pylon  
  72  18:26  Pylon  
  72  18:27  Pylon  
  72  18:54  Carrier (Chrono Boost)  
  72  19:00  Stargate  
  72  19:02  Stargate  
Show
View Real Time Build Order
Export as new Build Order

Polonius Protoss - Winner!

Build Orders:  

Get SALT Encoding   

  12  0:00  Probe  
  13  0:12  Probe  
  14  0:18  Pylon  
  14  0:25  Probe  
  15  0:35  Assimilator  
  15  0:41  Gateway  
  15  0:43  Probe  
  16  0:56  Probe  
  17  1:08  Probe  
  18  1:16  Gateway  
  18  1:20  Probe  
  19  1:32  Probe  
  20  1:38  Cybernetics Core  
  20  1:50  Pylon  
  20  2:08  Nexus  
  20  2:09  Assimilator  
  20  2:12  Warp Gate (Chrono Boost)  
  20  2:14  Pylon  
  20  2:16  Stalker  
  20  2:22  Probe  
  23  2:34  Probe  
  24  2:38  Stalker  
  26  2:48  Stalker  
  28  2:55  Pylon  
  28  3:06  Forge  
  28  3:26  Stalker x2  
  31  3:31  Probe (Chrono Boost)  
  32  3:37  Gateway  
  32  3:41  Probe (Chrono Boost)  
  33  3:44  Gateway  
  33  3:45  Probe (Chrono Boost)  
  34  3:52  Protoss Ground Weapons Level 1  
  33  4:05  Stalker  
  30  4:18  Stalker  
  30  4:29  Photon Cannon  
  24  4:34  Stalker, Photon Cannon  
  24  4:54  Zealot x2  
  24  4:55  Zealot  
  24  5:09  Probe  
  24  5:22  Probe (Chrono Boost)  
  25  5:31  Probe (Chrono Boost)  
  27  5:40  Probe (Chrono Boost)  
  28  5:49  Stalker x2  
  30  5:51  Stalker  
  32  6:07  Stalker  
  34  6:23  Stalker  
  34  6:39  Stalker  
  30  6:40  Stalker  
  30  6:45  Probe (Chrono Boost)  
  32  6:55  Probe (Chrono Boost)  
  32  7:03  Stalker  
  34  7:13  Probe  
  32  7:51  Stalker  
  32  7:52  Stalker x2  
  32  7:54  Zealot  
  28  8:13  Probe  
  29  8:26  Pylon  
  29  8:31  Stalker  
  29  8:32  Stalker x3  
  37  8:50  Photon Cannon  
  29  9:33  Stalker  
  29  9:34  Stalker x3  
  37  9:55  Nexus  
  37  10:07  Stalker  
  39  10:14  Shield Battery  
  39  10:31  Assimilator  
  39  10:50  Stalker x3  
  45  11:12  Probe (Chrono Boost)  
  45  11:17  Stalker  
  48  11:23  Probe (Chrono Boost)  
  49  11:27  Probe (Chrono Boost)  
  50  11:34  Probe  
  50  11:38  Stalker x2  
  55  11:56  Probe  
  57  12:08  Twilight Council, Probe  
  57  12:12  Robotics Facility  
  57  12:20  Probe  
  58  12:35  Protoss Shields Level 1  
  58  12:41  Stalker  
  58  12:42  Stalker  
  62  12:52  Pylon  
  62  12:55  Pylon  
  62  12:58  Pylon  
  62  13:00  Pylon  
  62  13:03  Blink  
  62  13:05  Photon Cannon  
  62  13:07  Shield Battery  
  62  13:10  Probe  
  63  13:22  Probe  
  64  13:29  Robotics Facility  
  64  13:33  Stalker  
  66  13:35  Stalker, Probe  
  45  15:12  Stalker  
  45  15:13  Stalker x3  
  37  15:46  Stalker x3  
  37  15:47  Stalker  
  32  16:19  Nexus  
  32  16:27  Stalker x3  
  38  16:54  Pylon  
  38  17:31  Probe  
  39  17:40  Stalker  
  41  17:47  Probe  
  42  18:37  Nexus  
  42  18:47  Warp Prism  
  42  18:48  Assimilator  
  44  19:05  Pylon  
  44  19:08  Stalker x2  
  44  19:29  Shield Battery  
  44  19:32  Shield Battery  
  44  19:33  Photon Cannon  
  44  19:49  Probe (Chrono Boost)  
  45  19:59  Probe (Chrono Boost)  
  46  20:02  Assimilator  
  47  20:07  Assimilator  
Tags
 
Add a new tag
Caveats
  • Supply blocks, unpowered buildings, or Contaminate may cause inaccurate times.
  • Supply counts are checked every 10 seconds.